Map: Ascension to Aiur LE

Players

Cham

  • Race: Zerg Zerg
  • Spawn Location: 5:00

Nerchio - Winner!

  • Race: Zerg Zerg
  • Spawn Location: 11:00

Event: WCS Montreal 2017

VOD

Have the link to the VOD?

Description

Time

  • Played on: Sept. 9, 2017, 12:22 p.m.
  • Length: 18:56

All games in this series

Show
View Real Time Build Order
Export as new Build Order

Cham Zerg 

Build Orders: Hatch First, Lurkers 

Get SALT Encoding   

  12  0:00  Drone  
  13  0:08  Drone  
  14  0:17  Overlord  
  14  0:35  Drone  
  14  0:36  Drone x2  
  17  0:52  Hatchery  
  17  0:55  Drone  
  17  1:07  Spawning Pool  
  16  1:12  Drone  
  16  1:14  Extractor  
  16  1:16  Drone  
  17  1:20  Drone  
  18  1:30  Drone  
  19  1:40  Overlord  
  19  1:54  Queen  
  19  1:56  Zergling x2  
  22  2:02  Zergling x2  
  22  2:04  Zergling x2  
  22  2:05  Queen  
  26  2:11  Spine Crawler  
  26  2:12  Drone  
  26  2:15  Drone  
  27  2:22  Metabolic Boost  
  27  2:24  Drone  
  27  2:27  Drone  
  29  2:33  Queen  
  31  2:38  Drone  
  31  2:40  Drone  
  33  2:45  Drone  
  33  2:48  Drone  
  36  2:56  Evolution Chamber  
  36  2:57  Drone  
  36  3:03  Overlord  
  36  3:08  Overlord  
  36  3:22  Drone x7  
  43  3:28  Roach Warren  
  42  3:34  Overlord  
  42  3:35  Zergling x2  
  42  3:36  Queen  
  42  3:41  Zergling x2  
  46  3:42  Zergling x2  
  46  3:43  Zergling x2  
  46  3:46  Drone x2  
  46  3:48  Drone  
  51  3:49  Zergling x2  
  51  3:53  Zerg Missile Weapons Level 1  
  52  3:56  Zergling x2  
  53  4:11  Drone x2  
  53  4:16  Lair  
  55  4:17  Extractor  
  55  4:18  Extractor, Drone  
  55  4:19  Hatchery  
  55  4:20  Drone  
  54  4:24  Overlord  
  54  4:25  Drone  
  54  4:29  Drone x2  
  54  4:31  Drone  
  58  4:34  Roach  
  60  4:43  Roach x3  
  60  4:44  Roach  
  68  4:47  Overlord  
  68  4:49  Overlord  
  67  4:55  Overlord  
  67  5:09  Roach x4, Hatchery  
  67  5:10  Roach  
  76  5:15  Glial Reconstitution  
  76  5:17  Roach  
  76  5:18  Roach  
  76  5:20  Roach  
  82  5:22  Overlord  
  82  5:29  Roach x2  
  86  5:39  Roach x2  
  86  5:42  Roach x2  
  94  5:46  Overlord  
  94  5:48  Roach x2  
  98  5:51  Overlord  
  97  6:03  Overlord  
  98  6:04  Zerg Missile Weapons Level 2, Drone x2  
  95  6:11  Drone  
  95  6:14  Drone x5  
  99  6:20  Drone x2  
  99  6:22  Drone  
  102  6:27  Drone  
  102  6:28  Drone  
  104  6:34  Drone, Evolution Chamber  
  104  6:39  Extractor, Drone x4  
  107  6:40  Extractor  
  107  6:43  Overlord  
  107  6:44  Drone x4  
  110  6:48  Hydralisk Den  
  110  6:50  Extractor  
  110  6:53  Overlord  
  110  6:54  Drone x2  
  110  6:55  Drone  
  110  6:57  Drone x2  
  113  7:02  Roach  
  113  7:03  Zerg Ground Armor Level 1  
  113  7:07  Drone x2  
  113  7:08  Overlord  
  117  7:09  Roach  
  117  7:11  Roach  
  117  7:12  Roach x2  
  125  7:16  Roach  
  125  7:18  Roach  
  125  7:21  Muscular Augments  
  125  7:22  Roach  
  131  7:24  Overlord  
  131  7:26  Pneumatized Carapace  
  131  7:28  Hydralisk  
  133  7:32  Hydralisk  
  133  7:33  Hydralisk  
  133  7:36  Hydralisk  
  139  7:39  Hydralisk  
  139  7:43  Overlord, Hydralisk  
  143  7:45  Hydralisk  
  143  7:48  Hydralisk  
  143  7:50  Overlord  
  147  7:52  Overlord  
  147  7:56  Hydralisk  
  147  7:57  Hydralisk  
  151  7:59  Hydralisk  
  151  8:04  Hydralisk  
  155  8:06  Overlord x2  
  155  8:07  Overseer  
  155  8:12  Hydralisk x2  
  155  8:14  Roach  
  161  8:23  Unknown, Hatchery  
  161  8:24  Hydralisk  
  161  8:25  Hydralisk  
  164  8:29  Roach x2  
  164  8:32  Hydralisk  
  164  8:33  Hydralisk  
  172  8:37  Roach x2  
  176  8:42  Hydralisk x2  
  176  8:45  Roach  
  176  8:46  Roach  
  184  9:00  Overlord x2  
  184  9:04  Overlord x2  
  184  9:06  Zerg Ground Armor Level 2  
  184  9:13  Overlord x2  
  184  9:15  Drone, Lurker Den  
  185  9:17  Unknown  
  185  9:20  Roach x4  
  185  9:23  Roach  
  195  9:40  Roach x2  
  195  9:42  Unknown  
  190  9:53  Roach, Hydralisk x2  
  190  9:54  Roach  
  190  9:56  Roach x2, Hydralisk  
  190  9:59  Roach, Hydralisk x4  
  188  10:00  Roach x5  
  188  10:04  Roach x2  
  172  10:15  Roach x2  
  172  10:17  Roach x2, Hydralisk x2  
  172  10:19  Roach x2  
  180  10:21  Roach  
  180  10:24  Roach x2  
  184  10:29  Extractor, Drone x4  
  184  10:31  Extractor  
  184  10:34  Drone  
  184  10:35  Drone  
  188  10:40  Overlord  
  188  10:42  Lurker x3  
  191  10:44  Overlord  
  191  10:46  Spine Crawler  
  191  10:47  Drone  
  191  10:48  Lurker  
  192  10:50  Overseer  
  192  10:55  Roach x4  
  192  11:22  Roach x2  
  192  11:23  Roach x2  
  192  11:25  Roach x2  
  196  11:31  Roach, Hydralisk x2  
  188  11:40  Spine Crawler  
  188  11:41  Spine Crawler x2  
  188  11:42  Spine Crawler  
  188  11:43  Spine Crawler  
  156  11:55  Hydralisk x2  
  156  11:56  Roach x4, Hydralisk x3  
  156  11:57  Roach  
  128  12:02  Hydralisk x5  
  128  12:03  Roach x3  
  128  12:04  Roach  
  128  12:06  Roach  
  128  12:08  Roach, Hydralisk x3  
  141  12:09  Roach  
  141  12:12  Hydralisk  
  153  12:18  Unknown x2, Roach x2  
  153  12:19  Roach  
  153  12:21  Roach  
  153  12:22  Roach, Hydralisk  
  163  12:27  Hydralisk  
  163  12:28  Hydralisk  
  169  12:30  Roach  
  169  12:33  Hydralisk  
  169  12:35  Lurker  
  169  12:36  Lurker  
  169  12:37  Lurker  
  174  12:47  Roach x2, Hydralisk  
  174  12:48  Roach x2  
  184  12:52  Roach x2  
  184  12:53  Roach  
  187  12:58  Roach  
  175  13:06  Roach x2, Hydralisk x3  
  175  13:11  Roach  
  168  13:13  Roach  
  148  13:20  Roach  
  148  13:21  Roach  
  148  13:22  Roach  
  146  13:31  Roach x3  
  146  13:32  Roach  
  146  13:33  Roach  
  146  13:34  Roach  
  142  13:48  Hatchery  
  141  13:55  Lurker x5  
  146  14:03  Overseer  
  146  14:04  Roach x2  
  150  14:11  Spine Crawler  
  149  14:20  Roach x3  
  155  14:24  Roach  
  155  14:25  Roach  
  159  14:46  Roach x2  
  159  14:47  Unknown  
  154  14:59  Roach x2  
  138  15:00  Roach x2  
  138  15:02  Roach x5  
  113  15:07  Roach  
  113  15:08  Roach  
  113  15:14  Roach  
  112  15:31  Roach x3  
  112  15:34  Hatchery  
  117  15:36  Hydralisk x2  
  117  15:39  Hydralisk  
  123  15:43  Roach  
  122  15:53  Roach  
  122  15:55  Roach  
  122  15:56  Roach x2  
  130  16:07  Hydralisk x3  
  130  16:08  Unknown  
  130  16:11  Overseer  
  136  16:15  Hydralisk  
  136  16:16  Hydralisk  
  132  16:27  Hydralisk x2  
  132  16:30  Hydralisk x2  
  116  16:37  Roach, Hydralisk  
  107  16:47  Lurker  
  107  16:48  Lurker  
  107  16:49  Hydralisk x2, Lurker  
  114  16:56  Lurker x3  
  114  16:58  Lurker  
  118  17:05  Hydralisk x2  
  122  17:08  Lurker  
  122  17:09  Lurker  
  122  17:13  Roach x2  
  122  17:15  Lurker  
  126  17:16  Lurker  
  126  17:20  Roach  
  126  17:22  Roach  
  131  17:28  Roach x3  
  131  17:31  Roach  
  131  17:40  Roach x3  
  135  17:45  Roach x3  
  135  17:51  Roach x3  
  145  17:53  Roach  
  145  17:57  Roach  
  145  17:58  Roach  
  139  17:59  Unknown x4, Roach  
  139  18:05  Roach x2  
  145  18:09  Roach  
  145  18:10  Roach  
  142  18:13  Roach  
  146  18:20  Roach  
  146  18:21  Roach x2  
  146  18:23  Roach  
  129  18:30  Roach x2  
  98  18:49  Unknown  
Show
View Real Time Build Order
Export as new Build Order

Nerchio Zerg - Winner!

Build Orders: Hatch First 

Get SALT Encoding   

  12  0:00  Drone  
  13  0:12  Overlord  
  13  0:17  Drone  
  14  0:30  Drone x2  
  14  0:34  Drone  
  17  0:51  Hatchery  
  17  0:54  Drone  
  17  0:58  Drone  
  18  1:08  Extractor  
  17  1:12  Spawning Pool  
  17  1:16  Drone  
  17  1:19  Drone  
  18  1:27  Drone  
  19  1:38  Overlord  
  19  1:59  Queen, Zergling x2  
  19  2:00  Zergling x2  
  23  2:03  Queen  
  23  2:04  Zergling x2  
  26  2:08  Metabolic Boost  
  26  2:10  Drone  
  26  2:14  Drone  
  28  2:21  Drone  
  29  2:24  Drone  
  30  2:32  Drone  
  31  2:40  Hatchery  
  30  2:46  Baneling Nest  
  30  2:48  Drone  
  30  2:51  Drone  
  31  2:56  Overlord  
  31  3:00  Drone  
  31  3:01  Drone  
  33  3:15  Drone x3  
  36  3:20  Drone x2  
  36  3:21  Drone x3  
  36  3:23  Evolution Chamber  
  36  3:25  Drone  
  42  3:31  Overlord  
  42  3:36  Lair  
  42  3:39  Overlord  
  42  3:45  Extractor  
  42  3:46  Extractor  
  42  3:47  Drone x2  
  42  3:48  Drone x2  
  44  3:53  Roach Warren  
  44  3:54  Drone  
  44  3:56  Drone  
  44  3:58  Drone  
  44  3:59  Drone  
  44  4:01  Drone  
  47  4:04  Zergling x2  
  47  4:05  Zergling x2  
  47  4:09  Zergling x4  
  50  4:10  Zergling x2  
  50  4:15  Zergling x6  
  50  4:17  Zergling x2  
  54  4:19  Zergling x2  
  55  4:25  Zergling x4  
  55  4:30  Overlord  
  56  4:34  Roach  
  56  4:35  Glial Reconstitution  
  56  4:36  Roach  
  60  4:39  Overlord  
  60  4:41  Roach  
  62  4:46  Zerg Missile Weapons Level 1  
  62  4:50  Overlord  
  62  4:51  Roach x2  
  68  4:52  Roach  
  66  5:04  Drone  
  67  5:09  Hatchery  
  67  5:10  Drone x2  
  67  5:11  Drone x2  
  68  5:17  Extractor  
  67  5:30  Roach  
  67  5:31  Roach x5  
  79  5:40  Overlord x2  
  79  5:49  Overlord  
  79  5:52  Overlord  
  79  5:59  Roach x3  
  79  6:00  Roach x3  
  91  6:08  Roach  
  92  6:11  Roach  
  92  6:14  Ravager, Roach  
  92  6:15  Ravager  
  92  6:16  Roach  
  92  6:17  Roach  
  98  6:20  Drone  
  98  6:22  Queen, Drone x2  
  103  6:26  Drone x2  
  103  6:27  Drone  
  105  6:35  Drone x3  
  107  6:40  Zerg Missile Weapons Level 2  
  107  6:41  Drone  
  107  6:44  Overlord  
  107  6:45  Drone  
  107  6:46  Drone  
  109  6:47  Drone  
  109  6:49  Drone  
  111  6:55  Infestation Pit  
  111  6:57  Extractor  
  111  6:58  Drone x4  
  113  7:01  Overlord  
  113  7:04  Drone  
  113  7:05  Drone  
  113  7:06  Drone  
  113  7:08  Drone  
  117  7:11  Extractor  
  117  7:13  Overlord  
  116  7:18  Overlord  
  116  7:21  Roach x3  
  122  7:23  Overseer  
  122  7:26  Overlord  
  122  7:30  Infestor x2  
  122  7:32  Infestor  
  122  7:34  Infestor  
  130  7:41  Ravager  
  130  7:42  Ravager  
  130  7:43  Roach x3  
  138  7:48  Drone x4  
  142  7:59  Drone x2  
  142  8:00  Hatchery  
  143  8:09  Overlord x2  
  143  8:11  Burrow, Pneumatized Carapace  
  143  8:14  Roach x2, Hydralisk Den  
  143  8:15  Roach  
  143  8:16  Roach  
  143  8:18  Roach  
  152  8:21  Roach  
  152  8:23  Overseer  
  154  8:29  Roach x4  
  154  8:31  Ravager x3  
  165  8:47  Hydralisk  
  167  8:48  Hydralisk  
  167  8:49  Muscular Augments  
  167  8:53  Overlord x2  
  167  8:54  Overlord x3  
  169  8:58  Overlord  
  169  9:02  Overlord x2  
  169  9:09  Overlord  
  169  9:10  Overlord  
  169  9:12  Roach x3  
  169  9:13  Ravager x3  
  169  9:14  Ravager  
  169  9:15  Roach  
  181  9:17  Hydralisk  
  181  9:20  Hydralisk  
  185  9:25  Hydralisk x2  
  185  9:28  Hydralisk x2  
  193  9:31  Hydralisk  
  193  9:35  Hydralisk x2  
  199  9:48  Roach x5  
  196  9:56  Hydralisk  
  196  9:57  Hydralisk x3  
  193  10:00  Hydralisk x2  
  167  10:07  Roach  
  167  10:08  Roach  
  167  10:11  Roach x2  
  156  10:20  Roach  
  153  10:22  Roach x2  
  157  10:33  Roach x3  
  157  10:36  Zerg Ground Armor Level 1  
  157  10:37  Hatchery  
  157  10:40  Roach  
  158  10:45  Roach  
  158  10:46  Roach  
  162  10:52  Hydralisk  
  162  10:54  Roach x5  
  162  10:56  Roach  
  178  10:57  Roach  
  178  10:58  Hatchery  
  178  10:59  Roach  
  178  11:02  Roach  
  178  11:03  Roach  
  183  11:07  Overseer  
  183  11:09  Roach x3  
  189  11:11  Roach  
  189  11:13  Roach  
  189  11:18  Roach x2  
  195  11:22  Roach  
  195  11:27  Overseer  
  195  11:29  Roach x2  
  199  11:44  Roach x6  
  200  11:49  Hatchery  
  195  11:55  Roach x2  
  195  11:56  Roach x2  
  195  11:57  Roach  
  195  11:58  Hive  
  195  12:00  Roach x2  
  186  12:02  Roach  
  186  12:04  Roach  
  186  12:05  Roach  
  186  12:07  Roach  
  192  12:10  Roach  
  198  12:15  Roach x2  
  198  12:19  Overseer  
  198  12:24  Roach  
  200  12:30  Tunneling Claws  
  198  12:59  Roach  
  198  13:05  Roach x5  
  198  13:08  Roach x4, Hydralisk  
  198  13:09  Hydralisk x3  
  198  13:11  Hydralisk x2  
  197  13:14  Hydralisk  
  197  13:17  Hydralisk  
  178  13:21  Hydralisk  
  178  13:25  Viper  
  181  13:28  Viper  
  181  13:30  Viper  
  167  13:34  Roach  
  167  13:36  Roach  
  167  13:38  Roach  
  167  13:41  Roach  
  173  13:43  Roach  
  171  13:49  Ravager  
  171  13:50  Ravager x3  
  171  13:51  Roach  
  171  13:55  Roach x2  
  181  13:57  Overseer  
  181  14:04  Roach x3  
  181  14:09  Extractor  
  186  14:13  Hydralisk  
  186  14:14  Hydralisk x2  
  192  14:26  Zerg Missile Weapons Level 3  
  192  14:38  Lurker Den  
  192  14:43  Hatchery  
  175  14:56  Roach x9  
  181  15:02  Roach  
  181  15:03  Roach x2  
  181  15:05  Hydralisk  
  134  15:09  Roach  
  134  15:12  Roach  
  135  15:14  Roach  
  135  15:16  Roach  
  135  15:18  Roach  
  141  15:23  Viper  
  144  15:32  Viper  
  144  15:34  Roach x2  
  151  15:36  Hydralisk  
  151  15:40  Hydralisk  
  151  15:42  Hydralisk  
  157  15:48  Hydralisk  
  159  15:51  Hydralisk  
  159  15:55  Hydralisk  
  163  15:57  Extractor  
  163  15:58  Hydralisk  
  163  15:59  Roach x7  
  164  16:07  Roach x2  
  168  16:12  Roach x2  
  168  16:14  Roach  
  168  16:16  Roach  
  170  16:28  Roach x2  
  170  16:30  Roach x2  
  170  16:31  Roach  
  168  16:33  Roach  
  168  16:35  Roach  
  164  16:40  Overseer  
  164  16:44  Hydralisk  
  164  16:45  Hydralisk  
  163  16:51  Hydralisk  
  165  16:55  Drone, Viper  
  165  16:56  Extractor  
  165  16:57  Drone  
  169  17:03  Ravager  
  169  17:04  Ravager x2  
  169  17:08  Hydralisk  
  174  17:13  Hydralisk  
  176  17:18  Hydralisk  
  178  17:27  Roach x4  
  186  17:33  Roach  
  186  17:35  Hatchery  
  180  17:45  Roach x4  
  180  17:47  Roach  
  180  17:50  Extractor  
  180  17:51  Roach, Extractor  
  190  17:56  Roach  
  190  17:57  Roach  
  194  18:11  Roach x3  
  186  18:21  Hydralisk  
  188  18:28  Hydralisk  
  188  18:31  Roach  
  181  18:40  Drone x14  
Tags
 
Add a new tag
Caveats
  • Supply blocks, unpowered buildings, or Contaminate may cause inaccurate times.
  • Supply counts are checked every 10 seconds.